[Event "December 12 Late 2023"]
[Site "https://www.chess.com"]
[Date "2023.12.12"]
[Round "2"]
[White "Chocenka, Dmitrijus"]
[Black "Xiong, Jeffery"]
[Result "0-1"]
[Board "78"]
[TimeControl "180+1"]
[WhiteFideId "12802336"]
[BlackFideId "2047640"]
[WhiteElo "2484"]
[BlackElo "3040"]
[WhiteTeam "LTU"]
[BlackTeam "USA"]
[WhiteClock "0:00:47"]
[BlackClock "0:01:56"]

1. e4 c5 2. Nf3 d6 3. d4 Nf6 4. Nc3 cxd4 5. Nxd4 a6 6. h3 e5 7. Nde2 h5 8. g3 Be6 9. Bg2 b5 10. a3 Nbd7 11. O-O Rc8 12. Be3 Be7 13. Qd2 Nb6 14. b3 Bd7 15. Nd5 Nbxd5 16. exd5 Bf5 17. Rfc1 Qd7 18. Kh2 Be4 19. c4 bxc4 20. Rxc4 Bxg2 21. Rxc8+ Qxc8 22. Kxg2 Qb7 23. Nc3 O-O 24. b4 Rc8 25. Rd1 Rxc3 26. Qxc3 Nxd5 27. Rxd5 Qxd5+ 28. Kh2 Qe6 29. a4 d5 30. Bc5 d4 31. Qd3 Bxc5 32. bxc5 Qd5 33. Qxa6 d3 34. c6 d2 35. c7 d1=Q 36. c8=Q+ Kh7 37. Qf5+ g6 0-1

[Event "December 12 Late 2023"]
[Site "https://www.chess.com"]
[Date "2023.12.12"]
[Round "2"]
[White "Makarian, Rudik"]
[Black "Aadit Bhatia"]
[Result "1-0"]
[Board "79"]
[TimeControl "180+1"]
[WhiteFideId "44105681"]
[BlackFideId "25088955"]
[WhiteElo "2924"]
[BlackElo "2512"]
[WhiteTeam "FID"]
[BlackTeam "IND"]
[WhiteClock "0:01:12"]
[BlackClock "0:01:06"]

1. d4 Nf6 2. c4 g6 3. Nf3 Bg7 4. Nc3 O-O 5. e4 d6 6. Be2 Nbd7 7. O-O e5 8. Be3 Qe7 9. d5 c5 10. Ne1 Kh8 11. Kh1 Ng8 12. Qd2 f5 13. exf5 gxf5 14. g3 f4 15. gxf4 exf4 16. Bxf4 Rxf4 17. Qxf4 Bxc3 18. bxc3 Qxe2 19. Nf3 Ne5 20. Nxe5 Qxe5 21. Qxe5+ dxe5 22. Rfe1 Nf6 23. Rxe5 Ng4 24. Re2 Bf5 25. f3 Bd3 26. Re7 Nf6 27. Rf7 Nh5 28. Re1 b6 29. Re5 Bg6 30. Rc7 Nf4 31. d6 Rd8 32. d7 Kg8 33. Rc8 1-0

[Event "December 12 Late 2023"]
[Site "https://www.chess.com"]
[Date "2023.12.12"]
[Round "2"]
[White "Urbina Perez, Juan Antonio"]
[Black "Grabinsky, Aaron"]
[Result "0-1"]
[Board "80"]
[TimeControl "180+1"]
[WhiteFideId "2217368"]
[BlackFideId "2087090"]
[WhiteElo "2452"]
[BlackElo "2893"]
[WhiteTeam "ESP"]
[BlackTeam "USA"]
[WhiteClock "0:00:18"]
[BlackClock "0:01:34"]

1. d4 e6 2. c4 Nf6 3. Nf3 Bb4+ 4. Nbd2 O-O 5. a3 Be7 6. e4 d6 7. h4 Nfd7 8. h5 e5 9. h6 g6 10. dxe5 dxe5 11. Be2 a5 12. Nb1 Bf6 13. Be3 c6 14. Nc3 Na6 15. Qc2 Qe7 16. O-O-O Ndc5 17. Kb1 Re8 18. Nh2 Bg5 19. Bxg5 Qxg5 20. Nf3 Qe7 21. Nh4 Qg5 22. g3 Ne6 23. Nf3 Qf6 24. Na4 Nac5 25. Nxc5 Nxc5 26. Nh4 Be6 27. Rhf1 a4 28. f4 exf4 29. Rxf4 Qg5 30. Qc3 Qxh6 31. Bg4 Qg7 32. Bxe6 Nxe6 33. Qxg7+ Kxg7 34. Rf2 Nc5 35. Rdf1 Re7 36. e5 Rf8 37. Re2 Nd7 38. Nf3 Rfe8 39. Rfe1 h6 40. Kc2 g5 41. g4 Nc5 42. Kc3 Rd8 43. Nd4 Red7 44. Nf5+ Kg6 45. Kc2 Ne6 46. Kc1 Nf4 47. Re4 Nd3+ 48. Kc2 Nxe1+ 49. Rxe1 h5 50. Ng3 hxg4 51. Re2 Rd3 52. Ne4 Kf5 53. Nd6+ R8xd6 54. exd6 Rxd6 55. Kc3 g3 0-1

[Event "December 12 Late 2023"]
[Site "https://www.chess.com"]
[Date "2023.12.12"]
[Round "2"]
[White "Disconzi da Silva, Rodrigo"]
[Black "Mikaelyan, Arman"]
[Result "0-1"]
[Board "81"]
[TimeControl "180+1"]
[WhiteFideId "2100991"]
[BlackFideId "13304852"]
[WhiteElo "2474"]
[BlackElo "2841"]
[WhiteTeam "BRA"]
[BlackTeam "ARM"]
[WhiteClock "0:00:29"]
[BlackClock "0:00:35"]

1. d4 Nf6 2. c4 d6 3. Nc3 e5 4. Nf3 Nbd7 5. Bg5 h6 6. Bh4 Be7 7. e3 O-O 8. Qc2 c6 9. Bd3 Re8 10. O-O-O Qc7 11. Kb1 a6 12. h3 b5 13. g4 b4 14. Ne4 Nxe4 15. Bxe4 Bxh4 16. Nxh4 Nf6 17. dxe5 Nxe4 18. Qxe4 Rxe5 19. Qd4 d5 20. cxd5 Rxd5 21. Qxb4 Rb8 22. Qc3 Be6 23. Nf3 Rdb5 24. Nd4 Rxb2+ 25. Qxb2 Rxb2+ 26. Kxb2 Bd5 27. Rhe1 Qb6+ 28. Ka1 c5 29. Nc2 Be4 30. Rd2 Qa5 31. Red1 Kh7 32. Kb2 Bf3 33. Rd3 c4 34. Ra3 Qb5+ 35. Kc1 Bxd1 36. Kxd1 c3 37. Rxc3 Qf1+ 38. Kd2 Qxf2+ 39. Kd3 Qf1+ 40. Kd4 Qxh3 0-1

[Event "December 12 Late 2023"]
[Site "https://www.chess.com"]
[Date "2023.12.12"]
[Round "2"]
[White "Topalov, Aleksandar"]
[Black "Haydon, David L"]
[Result "0-1"]
[Board "82"]
[TimeControl "180+1"]
[WhiteFideId "925659"]
[BlackFideId "415405"]
[WhiteElo "2395"]
[BlackElo "2748"]
[WhiteTeam "SRB"]
[BlackTeam "ENG"]
[WhiteClock "0:00:00"]
[BlackClock "0:00:50"]

1. b3 Nf6 2. Bb2 b6 3. Nf3 Bb7 4. g3 e6 5. Bg2 d5 6. O-O Bd6 7. d3 Nbd7 8. Nbd2 Qe7 9. a3 O-O 10. e4 dxe4 11. Ng5 Be5 12. d4 Bd6 13. Ngxe4 Nxe4 14. Nxe4 Rab8 15. c4 Nf6 16. Nxd6 Bxg2 17. Nf5 exf5 18. Kxg2 Rfd8 19. Qf3 Qe4 20. Rfe1 Qxf3+ 21. Kxf3 Ne4 22. Rad1 h5 23. Kg2 Rd7 24. f3 Nd6 25. a4 Nb7 26. Re5 Nc5 27. Rxf5 Nxb3 28. Rxh5 Rbd8 29. d5 Nc5 30. Rg5 g6 31. a5 Re8 32. Bd4 Nb3 33. axb6 axb6 34. h4 Re2+ 35. Kh3 c5 36. Bf6 Nd2 37. h5 Nxf3 38. hxg6 Nxg5+ 39. Bxg5 fxg6 40. Ra1 Re4 41. Ra6 Rxc4 42. Rxb6 Rxd5 43. Rxg6+ Kf7 44. Rf6+ Kg7 0-1

[Event "December 12 Late 2023"]
[Site "https://www.chess.com"]
[Date "2023.12.12"]
[Round "2"]
[White "Avila Rodriguez, Joshua Ad"]
[Black "Shuvalova, Polina"]
[Result "0-1"]
[Board "83"]
[TimeControl "180+1"]
[WhiteFideId "5126444"]
[BlackFideId "24171760"]
[WhiteElo "2411"]
[BlackElo "2731"]
[WhiteTeam "MEX"]
[BlackTeam "RUS"]
[WhiteClock "0:00:00"]
[BlackClock "0:00:06"]

1. e4 c6 2. d4 d5 3. e5 Bf5 4. Nf3 e6 5. Be2 Ne7 6. O-O Ng6 7. c3 f6 8. Bd3 Bxd3 9. Qxd3 fxe5 10. dxe5 Nd7 11. Re1 Bc5 12. Be3 O-O 13. Bxc5 Nxc5 14. Qe3 Nd7 15. Nbd2 Rf5 16. Nf1 Ngxe5 17. Nd4 Rf6 18. f4 Nc4 19. Qe2 Rxf4 20. Nxe6 Qb6+ 21. Nd4 Kh8 22. Ng3 Qxb2 23. Rab1 Qxe2 24. Ngxe2 Re4 25. Rxb7 Nc5 26. Rc7 Nd3 27. Rf1 Nde5 28. Rxa7 Rg8 29. Rc7 h6 30. Ng3 Re3 31. Nxc6 Nxc6 32. Rxc6 Rxc3 33. Nf5 Rc2 34. Ne7 Rd8 35. Ng6+ Kh7 36. Ne5 Ne3 37. Rxc2 Nxc2 38. Rd1 d4 39. a4 Rd5 40. Nd3 Ra5 41. Rd2 Ne3 42. Nb2 Nf5 43. g4 Nh4 44. Kf2 Rd5 45. Kg3 Ng6 46. Nc4 Ne7 47. a5 Nc6 48. a6 Rc5 49. Nd6 Rc3+ 50. Kg2 Ra3 51. Nf5 Ra4 52. a7 Rxa7 53. Nxd4 Rd7 54. Nf3 Re7 55. Rf2 Re4 56. Kg3 Ne7 57. h3 Nd5 58. Nh4 Ra4 59. Nf5 Nf6 60. Rf3 Ne4+ 61. Kg2 Ra2+ 62. Kg1 Ng5 63. Re3 Rb2 64. h4 Nf7 65. Re7 Kg6 66. h5+ Kf6 67. Rd7 Rb4 68. Kf2 Rxg4 69. Nd6 Ne5 70. Rd8 Ke6 71. Ne8 Ke7 72. Ra8 Rg5 73. Nc7 Kd6 74. Ne8+ Ke7 75. Nc7 Nd7 76. Na6 Rxh5 77. Ra7 Rf5+ 78. Kg2 Kd6 79. Nb8 Rg5+ 0-1

[Event "December 12 Late 2023"]
[Site "https://www.chess.com"]
[Date "2023.12.12"]
[Round "2"]
[White "Sai Krishna G V"]
[Black "Todev, Simeon"]
[Result "1-0"]
[Board "84"]
[TimeControl "180+1"]
[WhiteFideId "5028280"]
[BlackFideId "2925133"]
[WhiteElo "2701"]
[BlackElo "2326"]
[WhiteTeam "IND"]
[BlackTeam "BUL"]
[WhiteClock "0:00:12"]
[BlackClock "0:00:01"]

1. d4 d5 2. c4 c6 3. Nc3 Nf6 4. Nf3 e6 5. Bg5 Be7 6. e3 O-O 7. Bd3 Nbd7 8. O-O h6 9. Bh4 b6 10. Qe2 Bb7 11. Rac1 Rc8 12. Rfd1 Qc7 13. e4 dxe4 14. Nxe4 c5 15. Bg3 Qd8 16. Nd6 Bxd6 17. Bxd6 Re8 18. dxc5 bxc5 19. Ne5 Qb6 20. Rc3 Nxe5 21. Bxe5 Qc6 22. f3 Rcd8 23. Bxf6 gxf6 24. Be4 Qc7 25. Bxb7 Qxb7 26. Rcd3 Rxd3 27. Rxd3 e5 28. Rb3 Qd7 29. Rd3 Qb7 30. Rd5 Qb6 31. Qd2 Kg7 32. Rd7 Re6 33. Qd5 Kg6 34. b3 Qb4 35. Qd3+ e4 36. fxe4 Qe1+ 37. Qf1 Qe3+ 38. Qf2 Qxe4 39. h3 Qe1+ 40. Qxe1 Rxe1+ 41. Kf2 Rc1 42. Rxa7 Kf5 43. Ra5 Kf4 44. g3+ Ke4 45. Rxc5 Rc2+ 46. Ke1 Kf3 47. Rf5+ Kxg3 48. Rxf6 Rxa2 49. Rxf7 Rb2 50. Rb7 Kxh3 51. c5 h5 52. c6 h4 53. Kd1 Rg2 54. c7 Rg1+ 55. Kd2 Rg2+ 56. Kd3 Rg3+ 57. Kd4 Rg4+ 58. Kc3 Rg3+ 59. Kb4 Rg4+ 60. Ka3 1-0

[Event "December 12 Late 2023"]
[Site "https://www.chess.com"]
[Date "2023.12.12"]
[Round "2"]
[White "Mesquita, Eduardo Barbosa"]
[Black "Omelja, Artem"]
[Result "1-0"]
[Board "85"]
[TimeControl "180+1"]
[WhiteFideId "22757163"]
[BlackFideId "14119846"]
[WhiteElo "2380"]
[BlackElo "2633"]
[WhiteTeam "BRA"]
[BlackTeam "UKR"]
[WhiteClock "0:00:07"]
[BlackClock "0:00:13"]

1. d4 Nf6 2. c4 e6 3. Nf3 d5 4. Bg5 Be7 5. Nc3 c6 6. e3 dxc4 7. Bxc4 b5 8. Bb3 Bb7 9. O-O O-O 10. Qe2 Qb6 11. e4 Re8 12. Rad1 a6 13. Rfe1 Nbd7 14. Ne5 Rad8 15. Ng4 h6 16. Bh4 Nxg4 17. Bxe7 Rxe7 18. Qxg4 Nf6 19. Qh4 Rxd4 20. Rxd4 Qxd4 21. Rd1 Qc5 22. Qg3 e5 23. Qh3 Re8 24. Qf5 Qe7 25. h3 Bc8 26. Qf3 Rd8 27. Re1 Be6 28. Bc2 Nd7 29. a3 f6 30. Ne2 Nf8 31. Bb3 Bxb3 32. Qxb3+ Qf7 33. Qc3 Rd6 34. Qc5 Qd7 35. Nc3 Ne6 36. Qb6 c5 37. Qa5 Qc7 38. Qxc7 Nxc7 39. Re3 Kf7 40. f4 exf4 41. Rf3 g5 42. h4 b4 43. axb4 cxb4 44. Na4 Rd4 45. Nc5 a5 46. b3 Ne6 47. Nb7 g4 48. Rf1 Rxe4 49. Nd6+ Kg6 50. Nxe4 Kf5 51. Nd2 Nd4 52. Ra1 Nc6 53. Rc1 Ne5 54. Rc5 f3 55. gxf3 h5 56. fxg4+ hxg4 57. Rxa5 Kf4 58. Ra4 Nd3 59. Nf1 g3 60. Ra6 f5 61. Rd6 Nc5 62. Rd4+ Kf3 63. Rxb4 f4 64. Rc4 Nxb3 65. Rc3+ Kg4 66. Rxb3 f3 67. Nxg3 Kxg3 68. Rb4 f2+ 69. Kf1 Kf3 70. h5 1-0

[Event "December 12 Late 2023"]
[Site "https://www.chess.com"]
[Date "2023.12.12"]
[Round "2"]
[White "Copeland, Samuel"]
[Black "Narva, Mai"]
[Result "1-0"]
[Board "86"]
[TimeControl "180+1"]
[WhiteFideId "2007347"]
[BlackFideId "4500512"]
[WhiteElo "2320"]
[BlackElo "2628"]
[WhiteTeam "USA"]
[BlackTeam "EST"]
[WhiteClock "0:01:31"]
[BlackClock "0:00:43"]

1. e4 c5 2. Nf3 Nc6 3. d4 cxd4 4. Nxd4 Nf6 5. Nc3 e5 6. Ndb5 d6 7. Nd5 Nxd5 8. exd5 Nb8 9. g4 Be7 10. c4 Nd7 11. Nc3 Bg5 12. h4 Bxh4 13. Ne4 Be7 14. c5 Nxc5 15. Nxc5 dxc5 16. Bb5+ Bd7 17. Bc4 b5 18. Be2 Qb6 19. Be3 Qd6 20. Rc1 Rc8 21. Qc2 h6 22. g5 Qxd5 23. Rh4 Qg2 24. Bf1 Qf3 25. Be2 Qg2 26. Bf1 Qc6 27. a4 a6 28. axb5 axb5 29. Rd1 c4 30. Rh2 Qg6 31. Qd2 Bg4 32. Be2 Bxe2 33. Qd7+ 1-0

[Event "December 12 Late 2023"]
[Site "https://www.chess.com"]
[Date "2023.12.12"]
[Round "2"]
[White "Bhandari, Krish"]
[Black "Khater, Sherif"]
[Result "1-0"]
[Board "87"]
[TimeControl "180+1"]
[WhiteFideId "30955106"]
[BlackFideId "2034280"]
[WhiteElo "2106"]
[BlackElo "2575"]
[WhiteTeam "USA"]
[BlackTeam "USA"]
[WhiteClock "0:01:59"]
[BlackClock "0:01:54"]

1. d4 g6 2. c3 Bg7 3. Bg5 d6 4. e3 Nd7 5. Nd2 Ngf6 6. Ngf3 O-O 7. Be2 c5 8. a3 Qc7 9. O-O b6 10. b4 Bb7 11. c4 cxb4 12. axb4 a5 13. bxa5 bxa5 14. Qc2 Rfb8 15. Ra2 Nf8 16. c5 dxc5 17. Bf4 Qc6 18. Bxb8 Rxb8 19. Qxc5 Qe6 20. Rxa5 Bd5 21. Bc4 Bxc4 22. Qxc4 Qb6 23. Ra6 Qd8 24. Ne5 e6 25. Nc6 1-0

[Event "December 12 Late 2023"]
[Site "https://www.chess.com"]
[Date "2023.12.12"]
[Round "2"]
[White "De Souza, Cristiano Gomes"]
[Black "Rodgers, Jack"]
[Result "0-1"]
[Board "88"]
[TimeControl "180+1"]
[WhiteFideId "2151758"]
[BlackFideId "3220885"]
[WhiteElo "2232"]
[BlackElo "2525"]
[WhiteTeam "BRA"]
[BlackTeam "AUS"]
[WhiteClock "0:00:13"]
[BlackClock "0:00:04"]

1. d4 Nf6 2. c4 c5 3. d5 e5 4. Nc3 d6 5. e4 Be7 6. Nf3 Nbd7 7. Be2 Nf8 8. O-O Ng6 9. Ne1 O-O 10. Nd3 a6 11. a3 h6 12. b4 b6 13. Be3 Bd7 14. f3 Nh5 15. g3 Bh3 16. Rf2 Rc8 17. bxc5 bxc5 18. Qd2 Bg5 19. Bf1 Bxe3 20. Qxe3 Bd7 21. Rb2 Rb8 22. Rab1 Qc7 23. Be2 Rxb2 24. Rxb2 Rb8 25. Qc1 Kh7 26. f4 Nf6 27. f5 Ne7 28. g4 Kg8 29. h4 Nh7 30. g5 Rxb2 31. Nxb2 hxg5 32. hxg5 g6 33. f6 Nc8 34. Nbd1 Nb6 35. Nf2 Bc8 36. Qe3 Qd8 37. Qg3 Bd7 38. Qh4 Qf8 39. Ncd1 Na4 40. Ne3 Nc3 41. Bg4 Ba4 42. Kg2 Bb3 43. Bf3 a5 44. Nfg4 a4 45. Nh6+ Kh8 46. Nhf5 Nb1 47. Ng4 Nxa3 48. Ng7 Nc2 49. Qh6 a3 50. Nxe5 dxe5 51. d6 Ba4 52. Qh1 a2 53. Bd1 a1=Q 54. Bxc2 Qxh1+ 55. Kxh1 Bxc2 56. Kh2 Qxd6 57. Kg3 Qd3+ 58. Kf2 Nxg5 59. Ne8 Nxe4+ 0-1

[Event "December 12 Late 2023"]
[Site "https://www.chess.com"]
[Date "2023.12.12"]
[Round "2"]
[White "Hoffmann, Asa"]
[Black "Tari, Aryan"]
[Result "0-1"]
[Board "89"]
[TimeControl "180+1"]
[WhiteFideId "2001470"]
[BlackFideId "1510045"]
[WhiteElo "2395"]
[BlackElo "2863"]
[WhiteTeam "USA"]
[BlackTeam "NOR"]
[WhiteClock "0:00:17"]
[BlackClock "0:00:29"]

1. d4 Nf6 2. Bg5 Nc6 3. e3 d5 4. c4 Ne4 5. Bf4 Bf5 6. a3 e6 7. f3 Nf6 8. Nc3 Bd6 9. Bg3 O-O 10. Bd3 Bxd3 11. Qxd3 Re8 12. O-O-O dxc4 13. Qxc4 a6 14. Nge2 Na5 15. Qd3 b5 16. e4 b4 17. Bxd6 cxd6 18. axb4 Nc6 19. b5 axb5 20. Qxb5 Qc7 21. Qd3 Reb8 22. Qb1 Na5 23. b4 Nc4 24. Rd3 Ra3 25. Rhd1 Qa7 26. Qc2 Ra1+ 27. Nb1 Na3 28. Rxa3 Qxa3+ 29. Kd2 Qxb4+ 30. Ke3 d5 31. e5 Nd7 32. Nbc3 Ra3 33. Kf2 Qc4 34. Rc1 Rc8 35. Qd2 Qa6 36. Nb1 Rb3 37. Rxc8+ Qxc8 38. Nbc3 Nb6 39. Qc2 Rb4 40. Qa2 Nc4 41. Qa7 Rb2 42. Kg3 Ne3 43. h4 h5 44. Qe7 Nf5+ 45. Kh2 Nxe7 0-1

[Event "December 12 Late 2023"]
[Site "https://www.chess.com"]
[Date "2023.12.12"]
[Round "2"]
[White "Maksimovic, Bojan"]
[Black "Haszon, David"]
[Result "1-0"]
[Board "90"]
[TimeControl "180+1"]
[WhiteFideId "14408120"]
[BlackFideId "733610"]
[WhiteElo "2861"]
[BlackElo "2394"]
[WhiteTeam "BIH"]
[BlackTeam "HUN"]
[WhiteClock "0:01:57"]
[BlackClock "0:01:36"]

1. e4 c5 2. a3 g6 3. b4 Bg7 4. c3 d5 5. exd5 Qxd5 6. Nf3 Nc6 7. bxc5 Qxc5 8. d4 Qa5 9. Be2 Bg4 10. O-O Nf6 11. h3 Bf5 12. Qb3 O-O 13. Nbd2 Be6 14. c4 Bd7 15. d5 Nd8 16. Bb2 e6 17. Bc3 Qc7 18. Be5 Qc8 19. Rac1 Re8 20. Rfe1 b6 21. Qb2 Nh5 22. Bxg7 Nxg7 23. Ne4 Nb7 24. Nf6+ Kh8 25. Ne5 Re7 26. c5 Nxc5 27. d6 Qd8 28. Rxc5 bxc5 29. dxe7 Qxe7 30. Nexd7 1-0

[Event "December 12 Late 2023"]
[Site "https://www.chess.com"]
[Date "2023.12.12"]
[Round "2"]
[White "Kostiukov, Alexandr"]
[Black "Zwirs, Nico"]
[Result "0-1"]
[Board "91"]
[TimeControl "180+1"]
[WhiteFideId "14108100"]
[BlackFideId "1036432"]
[WhiteElo "2389"]
[BlackElo "2852"]
[WhiteTeam "UKR"]
[BlackTeam "NED"]
[WhiteClock "0:00:00"]
[BlackClock "0:00:20"]

1. g3 d5 2. Bg2 c6 3. d3 Nd7 4. e4 Ngf6 5. Qe2 e5 6. Nf3 Bd6 7. O-O O-O 8. c4 d4 9. Nh4 Re8 10. Nd2 Bf8 11. h3 a5 12. Ndf3 Nc5 13. g4 g6 14. b3 Qc7 15. Bg5 Bg7 16. Ne1 Ne6 17. Bd2 Nd7 18. Nhf3 Qd6 19. Nc2 b5 20. Ng5 Nf4 21. Bxf4 exf4 22. Nf3 bxc4 23. bxc4 Ba6 24. Qd2 Nc5 25. Rfe1 Ne6 26. e5 Qd7 27. Rab1 Bf8 28. Re4 Bc5 29. g5 Red8 30. Rbe1 Qe7 31. h4 Bc8 32. Bh3 a4 33. Bxe6 Bxe6 34. Qxf4 Bf5 35. h5 Bxe4 36. Rxe4 Rab8 37. Ncxd4 Bxd4 38. Nxd4 Rb6 39. h6 c5 40. Nb5 Rxd3 41. e6 fxe6 0-1

[Event "December 12 Late 2023"]
[Site "https://www.chess.com"]
[Date "2023.12.12"]
[Round "2"]
[White "Skaric, Djuro"]
[Black "Rustemov, Alexander"]
[Result "0-1"]
[Board "92"]
[TimeControl "180+1"]
[WhiteFideId "934569"]
[BlackFideId "4119002"]
[WhiteElo "2382"]
[BlackElo "2826"]
[WhiteTeam "SRB"]
[BlackTeam "RUS"]
[WhiteClock "0:00:36"]
[BlackClock "0:00:17"]

1. g3 d5 2. Bg2 Nf6 3. d3 c5 4. Nf3 g6 5. O-O Bg7 6. Nc3 O-O 7. h3 Nc6 8. e4 h6 9. Bd2 Be6 10. Qc1 Kh7 11. Re1 dxe4 12. Nxe4 Nxe4 13. Rxe4 Bd5 14. Re1 Rc8 15. Bc3 Nd4 16. Bxd4 cxd4 17. Re2 Qc7 18. Ne1 Rfd8 19. Qd2 e5 20. Bxd5 Rxd5 21. Nf3 Rc5 22. Rae1 Rxc2 23. Qxc2 Qxc2 24. Rxc2 Rxc2 25. Nxe5 Bxe5 26. Rxe5 Rxb2 27. Re7 Kg7 28. Rd7 a6 29. a4 Rb4 30. a5 Kf6 31. Kg2 Ke6 32. Rc7 Rb5 33. Kf3 f5 34. h4 g5 35. hxg5 hxg5 36. Rg7 Kf6 37. Rd7 g4+ 38. Kf4 Rb2 39. Rd6+ Ke7 40. Rxd4 Rxf2+ 41. Ke5 Rb2 42. Ra4 Rb5+ 43. Kf4 Kd6 44. Rd4+ Kc5 45. Rd7 Kb4 46. d4 Kxa5 47. d5 Kb6 48. Kxf5 a5 49. Ke6 Rb3 50. Rd8 Re3+ 51. Kd6 Rxg3 52. Ra8 Rd3 53. Ke6 g3 54. d6 g2 55. Rg8 Re3+ 56. Kd5 Re2 57. d7 Rd2+ 58. Kc4 Rxd7 59. Rxg2 Rc7+ 60. Kb3 Ka6 61. Rg6+ Rc6 62. Rg8 Kb5 63. Rg5+ Rc5 64. Rg7 b6 65. Rg3 Rh5 66. Ka3 Rh4 67. Rf3 Rd4 68. Rg3 Kc4 69. Rg6 b5 70. Rc6+ Kd5 71. Rc8 Rd3+ 72. Kb2 a4 73. Ka2 Kd4 74. Rc7 Rc3 75. Rd7+ Kc4 76. Rc7+ Kb4 77. Rd7 Rc2+ 78. Ka1 Kb3 79. Rd3+ Rc3 80. Rd2 b4 81. Rd1 Rh3 82. Rb1+ Ka3 83. Re1 b3 84. Kb1 Rh4 85. Rf1 Kb4 86. Rf8 Rh1+ 0-1

[Event "December 12 Late 2023"]
[Site "https://www.chess.com"]
[Date "2023.12.12"]
[Round "2"]
[White "Hong, Andrew"]
[Black "Semenenko, Dmytry"]
[Result "1-0"]
[Board "93"]
[TimeControl "180+1"]
[WhiteFideId "2099438"]
[BlackFideId "14118645"]
[WhiteElo "2825"]
[BlackElo "2380"]
[WhiteTeam "USA"]
[BlackTeam "UKR"]
[WhiteClock "0:00:20"]
[BlackClock "0:00:24"]

1. d4 d5 2. Bf4 Nf6 3. e3 c5 4. c3 Nc6 5. Nd2 e6 6. Ngf3 Bd6 7. Bd3 Bxf4 8. exf4 cxd4 9. cxd4 O-O 10. O-O b6 11. Rc1 Bb7 12. Qa4 Qd6 13. Ne5 Rfc8 14. Bb5 Ne7 15. Ba6 Bxa6 16. Qxa6 Ne4 17. Nb3 f6 18. Nd3 Qd7 19. Rfe1 Nf5 20. g3 Ned6 21. Kg2 Rxc1 22. Rxc1 Rc8 23. Rxc8+ Nxc8 24. Ne1 Ncd6 25. Nf3 Nc4 26. a4 Nxb2 27. a5 Nc4 28. axb6 axb6 29. Qa8+ Kf7 30. Nc1 Ncd6 31. Nd3 Qb7 32. Qd8 Ne4 33. Nde5+ fxe5 34. Nxe5# 1-0

[Event "December 12 Late 2023"]
[Site "https://www.chess.com"]
[Date "2023.12.12"]
[Round "2"]
[White "Akhayan, Ruben"]
[Black "Holt, Conrad"]
[Result "0-1"]
[Board "94"]
[TimeControl "180+1"]
[WhiteFideId "204439"]
[BlackFideId "2034387"]
[WhiteElo "2379"]
[BlackElo "2798"]
[WhiteTeam "BEL"]
[BlackTeam "USA"]
[WhiteClock "0:00:18"]
[BlackClock "0:00:18"]

1. e4 e6 2. d4 d5 3. Nc3 Nf6 4. e5 Nfd7 5. Nf3 c5 6. dxc5 Bxc5 7. Bd3 Nc6 8. Bf4 f6 9. exf6 Nxf6 10. O-O O-O 11. Qe2 Nh5 12. Bg3 Nf4 13. Bxf4 Rxf4 14. Rad1 Bd7 15. Ne5 Nxe5 16. Qxe5 Qf6 17. Qxf6 Rxf6 18. Rd2 Raf8 19. Bb5 Bc8 20. Re2 a6 21. Bd3 Bd7 22. g3 Bc6 23. Kg2 e5 24. Rxe5 Rxf2+ 25. Rxf2 Rxf2+ 26. Kh3 Bd7+ 27. g4 Bd6 28. Re2 Rf4 29. Bf5 Bxf5 30. gxf5 Rxf5 31. Kg4 Rf4+ 32. Kh3 d4 33. Ne4 Be7 34. Ng3 Kf7 35. Re4 Rxe4 36. Nxe4 Ke6 37. Kg4 Ke5 38. Ng3 g6 39. Kf3 h5 40. Ne2 g5 41. Ng3 g4+ 42. Ke2 h4 43. Nh1 Kf4 44. Nf2 g3 45. hxg3+ Kxg3 46. Ne4+ Kg2 47. Nf2 Bd6 48. Ng4 h3 49. Nf2 h2 50. a3 Bg3 51. Nh1 Kxh1 52. Kf1 Bh4 53. b3 Bg3 54. a4 Bh4 0-1

[Event "December 12 Late 2023"]
[Site "https://www.chess.com"]
[Date "2023.12.12"]
[Round "2"]
[White "Balla, Tamas-Kristof"]
[Black "Kozak, Antoni"]
[Result "0-1"]
[Board "95"]
[TimeControl "180+1"]
[WhiteFideId "1208497"]
[BlackFideId "21832030"]
[WhiteElo "2378"]
[BlackElo "2759"]
[WhiteTeam "ROU"]
[BlackTeam "POL"]
[WhiteClock "0:02:31"]
[BlackClock "0:02:16"]

1. e4 c5 2. c3 Nf6 3. e5 Nd5 4. d4 cxd4 5. Nf3 d6 6. cxd4 dxe5 7. dxe5 Bf5 8. Bc4 e6 9. O-O Be7 10. Qb3 Nb6 11. Bb5+ Nc6 12. Rd1 Qc7 13. Bf4 O-O 14. Nc3 Rfd8 15. h3 Na5 16. Qa4 Nxa4 0-1

[Event "December 12 Late 2023"]
[Site "https://www.chess.com"]
[Date "2023.12.12"]
[Round "2"]
[White "Fier, Alexandr"]
[Black "Buenafe Moya, Javier"]
[Result "1-0"]
[Board "96"]
[TimeControl "180+1"]
[WhiteFideId "2107139"]
[BlackFideId "2206412"]
[WhiteElo "2724"]
[BlackElo "2373"]
[WhiteTeam "BRA"]
[BlackTeam "ESP"]
[WhiteClock "0:01:58"]
[BlackClock "0:00:03"]

1. Nf3 Nf6 2. g3 g6 3. Bg2 Bg7 4. O-O O-O 5. d3 c5 6. e4 Nc6 7. Nh4 d6 8. f4 Bg4 9. Qd2 Be6 10. f5 gxf5 11. Nxf5 Bxf5 12. Rxf5 e6 13. Rg5 Kh8 14. Rxg7 Kxg7 15. Qh6+ Kh8 16. Bg5 Ng8 17. Qh4 f6 18. Be3 Qe7 19. Nc3 Rf7 20. Rf1 Re8 21. Bh3 a6 22. Bg4 Rg7 23. Bh5 Rf8 24. Kh1 b5 25. Ne2 f5 26. Qh3 fxe4 27. Rxf8 Qxf8 28. dxe4 Qf6 29. c3 Ne5 30. Nf4 Nc4 31. Bg1 Qe5 32. Bf3 Nd2 33. Bg2 Nxe4 34. Nxe6 Rf7 35. Nf4 Rg7 36. Nd3 Ng5 37. Qc8 Qe6 38. Qxa6 Nh3 39. Qxb5 Nxg1 40. Kxg1 Qe3+ 41. Kh1 Rf7 42. Qc4 Nh6 43. Nf4 Qc1+ 44. Bf1 Ng4 45. Qe2 Ne3 46. Kg1 Nxf1 47. Qe8+ Kg7 48. Nh5+ Kg6 49. Qg8+ Kxh5 50. Qxf7+ Kg4 51. Qxf1 Qxb2 52. Qf4+ Kh5 53. Qxd6 Qxc3 54. Qd5+ Kg6 55. Kf2 c4 56. Ke2 Qb2+ 57. Kd1 c3 58. Qd3+ Kg5 59. Qc2 Qa1+ 60. Ke2 Qg1 61. Kd3 h5 62. Qxc3 Qxh2 63. Qd2+ Qxd2+ 64. Kxd2 Kg4 65. a4 Kxg3 66. a5 h4 67. a6 h3 68. a7 Kg2 69. a8=Q+ Kg1 70. Qg8+ Kf1 71. Qf7+ Kg1 72. Qg6+ Kf1 73. Qf5+ Kg2 74. Qg4+ Kh2 75. Ke2 Kh1 76. Kf2 1-0

[Event "December 12 Late 2023"]
[Site "https://www.chess.com"]
[Date "2023.12.12"]
[Round "2"]
[White "Zampronha, Wladimir Camilo"]
[Black "Thomforde-Toates, Noah"]
[Result "1/2-1/2"]
[Board "97"]
[TimeControl "180+1"]
[WhiteFideId "2103087"]
[BlackFideId "30951992"]
[WhiteElo "2362"]
[BlackElo "2692"]
[WhiteTeam "BRA"]
[BlackTeam "USA"]
[WhiteClock "0:00:25"]
[BlackClock "0:00:12"]

1. e4 c5 2. Nf3 g6 3. d4 cxd4 4. Nxd4 Bg7 5. Nc3 Nc6 6. Be3 Nf6 7. Bc4 O-O 8. Bb3 a5 9. O-O d6 10. f3 Bd7 11. Qd2 Nxd4 12. Bxd4 a4 13. Bc4 Qa5 14. a3 Rfc8 15. Ba2 b5 16. Rfd1 Rab8 17. Nd5 Qxd2 18. Rxd2 Nxd5 19. Bxg7 Kxg7 20. Bxd5 b4 21. axb4 Rxb4 22. b3 axb3 23. Bxb3 Kf6 24. Ra5 Be6 25. Bxe6 Kxe6 26. Ra2 Rb1+ 27. Kf2 Rc3 28. Rd3 Rc4 29. c3 Rc1 30. Ra3 Rc2+ 31. Kg3 Rc5 32. h4 Rb5 33. Ra1 Rbb2 34. Rg1 h5 35. Re3 Rb3 36. Rd3 Rbb2 37. Re3 Rd2 38. Kh3 Rbc2 39. Kg3 Ke5 40. f4+ Ke6 41. Kf3 Rf2+ 42. Kg3 Rfe2 43. Rxe2 Rxe2 44. Kf3 Rc2 45. Re1 Rxc3+ 46. Kf2 Rc2+ 47. Kf3 Rc3+ 48. Kf2 Kf6 49. Ra1 Rc2+ 50. Kf3 Rb2 51. Ra5 Rb3+ 52. Kf2 Ke6 53. Ra7 f6 54. Ra5 f5 55. exf5+ gxf5 56. Ra8 Rb4 57. Kf3 Rb3+ 58. Kf2 Kd5 59. Rh8 Ke4 60. Rxh5 Kxf4 61. Rh7 Rb2+ 62. Kf1 e5 63. Rd7 Rd2 64. h5 Ke3 65. Kg1 Rd1+ 66. Kh2 Rd4 67. g3 Kf3 68. h6 Rd2+ 69. Kh3 Rd1 70. Kh4 Rh1+ 71. Kg5 Kxg3 72. Rxd6 f4 73. Re6 f3 74. Rxe5 f2 75. Rf5 f1=Q 76. Rxf1 Rxf1 77. h7 Rf8 78. Kg6 Kg4 79. Kg7 Ra8 80. h8=Q Rxh8 81. Kxh8 1/2-1/2